 Dungeon Crawl Stone Soup version 0.30.1-4-g462c640d31 (webtiles) character file.

Game seed: 795040745054578873

67 kingsuperguy the Covered (level 4, 0/39 HPs)
             Began as a Meteoran Fighter on Aug 29, 2023.
             Slain by an orc
             ... wielding a +0 hand axe
              (5 damage)
             ... on level 3 of the Dungeon.
             The game lasted 00:02:36 (517 turns).

kingsuperguy the Covered (Meteoran Fighter)          Turns: 517, Time: 00:02:37

Health: 0/39       AC: 10    Str: 20    XL:     4   Next: 65%
Magic:  5/5        EV:  6    Int:  9    God:
Gold:   61         SH:  5    Dex: 13    Spells: 3/3 levels left

rFire   . . .        a - +0 flail
rCold   . . .        c - +0 buckler
rNeg    . . .        b - +0 scale mail
rPois   .            (no helmet)
rElec   .            (no cloak)
rCorr   .            (no gloves)
SInv    .            g - +2 pair of boots
Will    .....        (no amulet) Stlth
                     (no ring)
HPRegen 0.26/turn    (no ring)
MPRegen 0.09/turn

%: no passive effects
@: mighty, glowing, constricted
A: sense surroundings 1, otherworldly, glowing, explore regen
a: no special abilities


You were on level 3 of the Dungeon.
You visited 1 branch of the dungeon, and saw 3 of its levels.

You collected 61 gold pieces.

Inventory:

Hand Weapons
 a - a +0 flail (weapon)
Armour
 b - a +0 scale mail (worn)
 c - a +0 buckler (worn)
 g - a +2 pair of boots (worn)
Wands
 o - a wand of roots (12)
Scrolls
 f - a scroll of teleportation {unknown}
 h - a scroll of identify {unknown}
 i - a scroll of poison {unknown}
 j - a scroll of magic mapping {unknown}
 k - a scroll of fear {unknown}
 l - 2 scrolls of brand weapon {unknown}
 n - a scroll of acquirement {unknown}
Potions
 e - a potion of attraction {unknown}
 m - a potion of degeneration {unknown}
 p - 2 potions of mutation {unknown}


   Skills:
 + Level 3.6 Fighting
 + Level 3.5 Maces & Flails
 + Level 4.8 Armour
 + Level 0.3 Dodging
 + Level 4.1 Shields


You had 3 spell levels left.
You didn't know any spells.
Your spell library was empty.

Dungeon Overview and Level Annotations

Branches:
Dungeon (3/15) Zot: 1252

Altars:

Shops:
D:1 =


Innate Abilities, Weirdness & Mutations

You passively map a small area around you.
You are easily found by Zot.
You glow in the dark.
You regain HP and MP as you explore.


Message History

The orc wizard barely misses you. The orc closely misses you.
The ball python bites you but does no damage.
The ball python completely misses you.
You barely miss the orc wizard.
The ball python bites you but does no damage.
The ball python misses you. The orc hits you but does no damage. x2
The orc wizard hits you but does no damage.
The orc hits you with a +0 falchion.
You closely miss the orc wizard.
The ball python bites you but does no damage.
The ball python grabs you. The ball python constricts you.
You block the orc's attack. The orc hits you but does no damage.
The orc wizard closely misses you. The orc barely misses you.
You block the ball python's attack. The ball python constricts you.
You sock the orc wizard!
The orc wizard is almost dead.
The orc hits you but does no damage. The orc hits you with a +0 falchion.
You block the orc wizard's attack. You block the orc's attack.
The ball python bites you but does no damage.
The ball python constricts you.
A quokka comes into view.
The orc barely misses you.
The orc wizard gestures at you while chanting.
The puff of flame hits you. The orc hits you with a +0 falchion.
The orc hits you but does no damage.
You feel very mighty all of a sudden.
The ball python bites you but does no damage.
The ball python constricts you. You block the orc's attack.
The orc closely misses you.
The orc wizard gestures at you while chanting.
The magic dart hits you.
* * * LOW HITPOINT WARNING * * *
The ball python bites you but does no damage.
The ball python constricts you. The orc hits you with a +0 falchion!
* * * LOW HITPOINT WARNING * * *
You hit the orc wizard.
The orc wizard is almost dead.
The ball python bites you but does no damage.
The ball python constricts you. The orc hits you with a +0 hand axe.
You die...
P...P.P.#.# ......P...# , PPPPP.P.#.#

..r......# * #.......#
#.......######## .
#...ooo........# #.
#...o@.........# #..
#...S.......>..# ...
*########.......####...
* , , #.......#[..... ,
#.......<....## ,
##...........## ~ , *
#.........##.# ,,
##........##.## , > ,
*#.......###..#


You could see an orc wizard, 3 orcs, a quokka and a ball python.

Vanquished Creatures
  Ijyb (D:3)
  2 worms (D:2)
  An orc (D:3)
  4 ball pythons
  5 endoplasms
  A giant cockroach (D:1)
  2 goblins
  4 hobgoblins
  3 jackals (D:2)
  2 kobolds
  2 quokkas (D:1)
  4 bats
  2 frilled lizards
  A rat (D:1)
34 creatures vanquished.

Notes
Turn   | Place    | Note
-------+----------+-------------------------------------------
     0 | D:1      | kingsuperguy the Meteoran Fighter began the quest for the
                  | Orb.
     0 | D:1      | Reached XP level 1. HP: 19/19 MP: 2/2
    27 | D:1      | Reached XP level 2. HP: 5/26 MP: 3/3
    36 | D:1      | Found Naussab's Jewellery Emporium.
   268 | D:2      | Reached XP level 3. HP: 26/31 MP: 4/4
   366 | D:2      | Reached XP level 4. HP: 39/39 MP: 5/5
   455 | D:3      | Noticed Ijyb
   469 | D:3      | Killed Ijyb
   517 | D:3      | Slain by an orc

Illustrated notes

Levels and vault maps discovered:
D:1:      dreamdust_arrival_beginning_and_end, layout_basic, serial_shops,
          nicolae_shop_advertising_works [nicolae_subvault_shop_adworks],
          chequers_ecumenical_altar_twisty
D:2:      layout_loops_ring, minmay_misc_feat_ornament, minmay_pentomino_z4
D:3:      layout_rooms, tgw_sif, mainiacjoe_overflow_cross_hatched,
          mainiacjoe_overflow_24_doors,
          mainiacjoe_overflow_concentric_impassable, ashenzari_altar_1,
          uniq_robin, uniq_ijyb

Skill      XL: |  1  2  3 |
---------------+----------+-----
Armour         | 4 |  4.8
Maces & Flails | 3 |  3.5
Shields        | 4 |  4.1
Fighting       | |  3.6
Dodging        | |  0.3

Action                     |  1- 3 |  4- 6 || total
---------------------------+-------+-------++-------
  Melee: Flail             |    84 |    25 ||   109
    Use: Potion            |       |     1 ||     1
 Armour: Scale mail        |    64 |    28 ||    92
  Dodge: Dodged            |    43 |    17 ||    60
  Block: Buckler           |    25 |     6 ||    31
